[Event "GrandPrix_29.05"]
[Site "Chess.com"]
[Date "2020.05.29"]
[Round "5"]
[White "KuzubovYuriy"]
[Black "Nodar_Lortkipanidze"]
[Result "0-1"]
[WhiteElo "2415"]
[BlackElo "2482"]
[TimeControl "600+2"]
[EndTime "11:34:06 PDT"]
[Termination "Nodar_Lortkipanidze won by resignation"]

1. d4 e6 2. c4 f5 3. a3 b6 4. Nc3 Bb7 5. Nf3 Nf6 6. g3 Ne4 7. Bd2 Be7 8. Bg2 Bf6 9. Rc1 O-O 10. d5 c6 11. dxe6 dxe6 12. O-O c5 13. Qc2 Nxd2 14. Nxd2 Bxg2 15. Kxg2 Nc6 16. Rfd1 Qe7 17. Nf3 g5 18. h3 h5 19. g4 hxg4 20. hxg4 fxg4 21. Nh2 Nd4 22. Qe4 Nf5 23. Nxg4 Nh4+ 24. Kf1 Bg7 25. e3 Rad8 26. Rxd8 Rxd8 27. Ke2 Qf7 28. Rd1 Rxd1 29. Nxd1 Qf5 30. f3 Qxe4 31. fxe4 Kf7 32. b3 Kg6 33. Kf2 Kh5 34. Kg3 Ng6 35. Ndf2 Be5+ 36. Kh3 Bg7 37. Nd3 a5 38. Kg3 Bh8 39.
e5 Ne7 40. a4 Nc6 41. Kf3 Kg6 42. Ke4 Bg7 43. Ndf2 Kh5 44. Nf6+ Bxf6 45. exf6 Kg6 46. Ng4 Kf7 47. Kf3 Nb8 48. e4 Nc6 49. e5 Nd4+ 50.
Ke3 Nxb3 51. Nf2 Nd4 52. Ne4 Kg6 53. Nf2 Nf5+ 54. Ke4 Nh6 55. Nh3 Nf7 56. Nf2 Kh5 57. Nd1 Kh4 58. Ne3 g4 59. Ng2+ Kg3 60. Nf4 Ng5+ 61.
Ke3 Kh2 62. Nh5 g3 63. Kf4 g2 64. Kxg5 g1=Q+ 65. Kh6 Qe3+ 66. Kg6 Qxe5 67. f7 Qf5+ 68. Kg7 Qg5+ 0-1

[Event "GrandPrix_29.05"]
[Site "Chess.com"]
[Date "2020.05.29"]
[Round "5"]
[White "Tyoma88888"]
[Black "Vesper2018"]
[Result "1/2-1/2"]
[WhiteElo "2195"]
[BlackElo "1886"]
[TimeControl "600+2"]
[EndTime "11:34:08 PDT"]
[Termination "Game drawn by repetition"]

1. e4 c5 2. Nc3 d6 3. f4 Nc6 4. Nf3 g6 5. Bc4 Bg7 6. O-O e6 7. d4 Nxd4 8. Be3 Nxf3+ 9. Qxf3 Ne7 10. f5 f6 11. fxe6 O-O 12. Rad1 a6 13. Bxc5 Qc7 14. Bxd6 Qxc4 15. Bxe7 Bxe6 16. Bxf8 Rxf8 17. Qd3 Qc5+ 18. Qd4 Qg5 19. Qd6 Bc4 20. Rf3 h5 21. Rg3 Qh6 22. Nd5 Kh7 23. Nf4 Bf7 24. Ne6 Bxe6 25. Qxe6 f5 26. e5 h4 27. Rf3 Qg5 28. Qd7 Kh6 29. e6 Bf6 30. Qd2 Qxd2 31. Rxd2 Re8 32. Re2 Bxb2 33.
Kf1 Bf6 34. Rd3 f4 35. Rd7 b5 36. Ra7 Kg5 37. Rxa6 b4 38. Ra5+ Kg4 39. Rd5 h3 40. gxh3+ Kxh3 41. Rd3+ Kg4 42. h3+ Kh4 43. Kg2 g5 44.
Rd7 Be7 45. Re4 Kh5 46. Rd5 Kg6 47. Rc4 Kf6 48. Rc6 Ra8 49. Kf3 Rxa2 50. Kg4 Ra3 51. Rd3 Ra1 52. Kf3 Re1 53. Kf2 Re4 54. Kf3 Re5 55.
h4 gxh4 56. Kxf4 Re1 57. Kg4 Kg6 58. Rf3 Rg1+ 59. Kh3 Rh1+ 60. Kg2 Re1 61. Kh3 Rh1+ 62. Kg2 Re1 63. Kf2 Re4 64. Kf1 Re5 65. Kf2 Re4 66. Rd3 Rf4+ 67. Rf3 Re4 1/2-1/2

[Event "GrandPrix_29.05"]
[Site "Chess.com"]
[Date "2020.05.29"]
[Round "5"]
[White "Gareth-Bale11"]
[Black "BMOchsner"]
[Result "1/2-1/2"]
[WhiteElo "2312"]
[BlackElo "2185"]
[TimeControl "600+2"]
[EndTime "11:34:10 PDT"]
[Termination "Game drawn - insufficient material"]

1. d4 Nf6 2. c4 e6 3. Nf3 d5 4. Nc3 dxc4 5. e4 b5 6. e5 Nd5 7. Nxb5 Nb6 8. Be2 Be7 9. O-O Nc6 10. Qd2 O-O 11. Qf4 Rb8 12. Qg3 Kh8 13. Rd1 Ba6 14. Nc3 Nb4 15. Bg5 N6d5 16. Ne4 h6 17. Bxe7 Nxe7 18. Nc5 Nf5 19. Qf4 Bb5 20. Qc1 Nd5 21. Qd2 c3 22. bxc3 Bxe2 23. Qxe2 Nxc3 24. Qc4 Nxd1 25.
Rxd1 Rb6 26. Qa4 Qe8 27. Qxa7 Qc6 28. Qa5 Rd8 29. Qc3 Qb5 30. h3 Qb4 31. Qa1 Qb2 32.
Nb3 Qxa1 33. Rxa1 Rb4 34. Rc1 Rd7 35. g4 Ne7 36. Nc5 Rd8 37. Nd3 Rb7 38. Nc5 Ra7 39.
a4 Nd5 40. h4 Nb6 41. g5 hxg5 42. hxg5 Kh7 43. Kg2 Rc8 44. Rh1+ Kg8 45. g6 fxg6 46.
Nxe6 Rxa4 47. Neg5 Nd5 48. e6 Re8 49. Nf7 Nf4+ 50.
Kg3 Nxe6 51. N3e5 Kf8 52. Rh8+ Ke7 53. Nxg6+ Kxf7 54. Ne5+ Ke7 55. Nc6+ Kd7 56. Ne5+ Kd8 57. Nc6+ Kd7 58. Ne5+ Ke7 59. Nc6+ Kd6 60. Rxe8 Kxc6 61. Rxe6+ Kd7 62. Rg6 Rxd4 63. Rxg7+ Kd6 64. f4 c5 65.
Kf3 c4 66. Ke3 Rd3+ 67. Ke2 Rd5 68. Rg5 Rxg5 69. fxg5 Ke5 70. Kd2 Kf5 71. Kc3 Kxg5 72. Kxc4 1/2-1/2

[Event "GrandPrix_29.05"]
[Site "Chess.com"]
[Date "2020.05.29"]
[Round "5"]
[White "Fandorine"]
[Black "anesar92"]
[Result "1-0"]
[WhiteElo "2514"]
[BlackElo "2237"]
[TimeControl "600+2"]
[EndTime "11:34:20 PDT"]
[Termination "Fandorine won by resignation"]

1. Nf3 Nf6 2. g3 g6 3. b3 Bg7 4. Bb2 b6 5. Bg2 Bb7 6. O-O O-O 7. c4 c5 8. d4 e6 9. dxc5 bxc5 10. Nc3 Nc6 11.
Qd2 Qe7 12. Rfd1 Rfd8 13. Rac1 d6 14. e3 Rac8 15. Qe2 h6 16. Ne1 a6 17. Rd2 Ne8 18.
Rcd1 Ne5 19. f4 Nc6 20. Nf3 Nf6 21. h3 d5 22. Kh2 Ne4 23. Nxe4 dxe4 24. Ne1 f5 25. Bxg7 Kxg7 26. Nc2 Rxd2 27. Rxd2 Rd8 28. Bf1 Rxd2 29. Qxd2 Qd8 30. Qxd8 Nxd8 31. Na3 Nc6 32. Nb1 Kf6 33. Nc3 Ke7 34. g4 Kd6 35. Kg3 Ne7 36.
Be2 Bc6 37. a3 a5 38. Na2 e5 39. b4 axb4 40. axb4 cxb4 41. Nxb4 Bd7 42. Na6 g5 43.
c5+ Ke6 44. fxg5 hxg5 45. gxf5+ Nxf5+ 46. Kf2 Kf6 47. Bg4 Bb5 48. Nc7 Bc6 49. Bxf5 Kxf5 50.
Kg3 Kf6 51. Na6 Ke7 52. Nb4 Bb5 53. Nd5+ Kf7 54. Nb4 Kf6 55. c6 Ke7 56. Kg4 Bf1 57. Nd5+ Kd6 58. c7 Kd7 59. Nf6+ Kxc7 60. Nh7 Kd6 61.
Nxg5 Kd5 62. h4 Kc4 63. Kg3 Be2 64. Nxe4 Kd3 65. Kf2 Bd1 66. Nf6 Kc4 67. h5 1-0

[Event "GrandPrix_29.05"]
[Site "Chess.com"]
[Date "2020.05.29"]
[Round "5"]
[White "Onischuk_V"]
[Black "dzhumagaliev"]
[Result "1/2-1/2"]
[WhiteElo "2265"]
[BlackElo "2191"]
[TimeControl "600+2"]
[EndTime "11:34:22 PDT"]
[Termination "Game drawn - insufficient material"]

1. e4 c5 2. Nf3 e6 3. b3 Nc6 4.
Bb2 d5 5. exd5 exd5 6. Bb5 Nf6 7.
O-O Be7 8. Ne5 Qc7 9. Nxc6 bxc6 10. Bd3 O-O 11. Qf3 Bg4 12. Qg3 Bd6 13. Qh4 d4 14.
f3 Be6 15. Na3 h6 16. Nc4 Bf4 17. Ba3 Rfd8 18. g4 Rd5 19. Rae1 h5 20. Rxe6 fxe6 21.
Kg2 Rg5 22. h3 Re8 23. Qe1 hxg4 24. fxg4 e5 25. Bf5 Qd8 26. Qh4 Nh5 27. Be4 Bg3 28.
Qxh5 Rxh5 29. gxh5 Bf4 30. Bxc5 Qg5+ 31. Kf2 Bxd2 32. Ke2 Be3 33. Bxc6 d3+ 34. Kd1 Qxh5+ 35. Bf3 dxc2+ 36. Ke2 Qxf3+ 37. Kxf3 c1=Q 38. Rxc1 Bxc1 39. Bxa7 e4+ 40. Ke2 Ra8 41. Bd4 Rxa2+ 42. Kd1 Bf4 43. b4 Kf7 44. b5 Ke6 45. Bxg7 Kd5 46. Nb2 Ra5 47. b6 Rb5 48. Na4 Rb4 49. Nc3+ Kc6 50.
Bf8 Rc4 51. Ne2 Be3 52. h4 Kxb6 53. h5 Rc8 54. Bg7 Rd8+ 55. Ke1 Rd6 56. Ng3 Bf4 57. Nf5 Rd5 58. h6 Bxh6 59. Nxh6 Kc5 60. Ng4 Rg5 61. Bf8+ Kd4 62. Nf2 e3 63. Nd1 Rg2 64. Bh6 e2 65.
Nf2 Rh2 66. Bf4 Rxf2 67. Kxf2 Kd3 68. Ke1 Ke4 69. Kxe2 1/2-1/2

[Event "GrandPrix_29.05"]
[Site "Chess.com"]
[Date "2020.05.29"]
[Round "5"]
[White "PavelShkapenko"]
[Black "woodhy"]
[Result "1-0"]
[WhiteElo "2373"]
[BlackElo "2078"]
[TimeControl "600+2"]
[EndTime "11:34:27 PDT"]
[Termination "PavelShkapenko won by resignation"]

1. e4 e6 2. d4 d5 3. exd5 exd5 4. Nf3 Bd6 5. c4 c6 6. Nc3 Ne7 7. Bd3 O-O 8. O-O dxc4 9. Bxc4 Bf5 10. Re1 Nd7 11. Bg5 Nb6 12. Bb3 h6 13. Bxe7 Bxe7 14. Ne5 Bf6 15. Qh5 Bxe5 16. Rxe5 g6 17. Qxh6 Qxd4 18.
Rae1 Nd7 19. Rxf5 gxf5 20. Re3 f4 21. Rh3 Qg7 22. Qxf4 Rfe8 23. Kf1 Kf8 24. Ne4 Re5 25. Rf3 Ke7 26. Qxf7+ Qxf7 27. Rxf7+ Kd8 28. Nd6 Rb8 29. g4 Kc7 30. Nc4 Re4 31. f3 Rd4 32. Kf2 Rh8 33. Kg3 Kd8 34. Na5 Kc7 35. Be6 b6 36. Nb3 Rd6 37. Bf5 c5 38. Nc1 Kd8 39. Nd3 c4 40. Nf4 Ne5 41. Rg7 b5 42. Ne6+ Ke8 43. Rxa7 Nf7 44.
Nc7+ Kf8 45. Nxb5 Rd2 46. h4 Rxb2 47. Nd4 c3 48. Bg6 Nd8 49. Rc7 Rxa2 50. Rxc3 Rd2 51. Nf5 Rg8 52. h5 Ne6 53. Rc6 Rxg6 54. hxg6 Nd8 55.
Rf6+ Kg8 56. Rd6 Rxd6 57. Nxd6 Kg7 58. f4 Kxg6 59. f5+ Kf6 60. Kf4 Nc6 61. g5+ Kg7 62. Nc4 Nd4 63. f6+ Kg6 64. Ne5+ Kh7 65. g6+ Kh6 66. Kg4 Ne6 67. Kf5 Nd4+ 68. Ke4 Ne6 69. Kd5 Nf4+ 70. Kd6 Nh5 71. f7 Kg7 72. Ke7 Kh6 73.
f8=Q+ Ng7 74. Qh8+ Kg5 75. Qxg7 Kf5 76. Qf7+ 1-0

[Event "GrandPrix_29.05"]
[Site "Chess.com"]
[Date "2020.05.29"]
[Round "5"]
[White "abraham1982"]
[Black "PeshkaTheGreat"]
[Result "1-0"]
[WhiteElo "2220"]
[BlackElo "2185"]
[TimeControl "600+2"]
[EndTime "11:34:28 PDT"]
[Termination "abraham1982 won by checkmate"]

1. e4 c5 2. c3 Nf6 3. e5 Nd5 4. Bc4 Nb6 5. Bb3 c4 6. Bc2 Nc6 7.
Nf3 d5 8. exd6 Qxd6 9. O-O Bg4 10. Qe2 g6 11. h3 Be6 12. Ng5 Bd5 13. b3 Bg7 14. Na3 h6 15. Ne4 Qe6 16. Nb5 O-O-O 17. Re1 a6 18. Na3 f5 19. Ng3 Qxe2 20. Nxe2 e5 21. h4 Rhf8 22. h5 g5 23. bxc4 Nxc4 24. d3 Nb6 25. Rb1 Nd7 26. Nc4 Bxc4 27. dxc4 e4 28.
Ba3 Rf7 29. Red1 Nde5 30. Rxd8+ Kxd8 31. Bb3 f4 32. Nd4 Nxd4 33. cxd4 Nc6 34. c5 Rd7 35. d5 Nd4 36. Bc4 e3 37. fxe3 fxe3 38. d6 e2 39. Bb2 Nf3+ 40. gxf3 Bxb2 41. Be6 Bd4+ 42. Kg2 Bc3 43.
Bxd7 Kxd7 44. Kf2 e1=Q+ 45. Rxe1 Bxe1+ 46. Kxe1 b6 47. cxb6 Kxd6 48. f4 gxf4 49. Kf2 Kc6 50. Kf3 Kxb6 51. Kxf4 Kb5 52. Kf5 Ka4 53. Kg6 Ka3 54.
Kxh6 Kxa2 55. Kg6 a5 56. h6 a4 57. h7 a3 58. h8=Q Kb1 59. Qb8+ Ka1 60. Qe5+ Kb1 61. Qb5+ Ka1 62. Qf1+ Kb2 63. Qe2+ Ka1 64. Qd1+ Kb2 65. Qd2+ Kb3 66. Qc1 Ka2 67. Qc2+ Ka1 68. Kf5 a2 69. Qc1# 1-0

[Event "GrandPrix_29.05"]
[Site "Chess.com"]
[Date "2020.05.29"]
[Round "5"]
[White "Inkalubo"]
[Black "Mikhail_Golubev"]
[Result "1-0"]
[WhiteElo "1919"]
[BlackElo "2004"]
[TimeControl "600+2"]
[EndTime "11:34:30 PDT"]
[Termination "Inkalubo won on time"]

1. Nf3 d6 2. d4 Nf6 3. g3 g6 4. Bg2 Bg7 5. c4 O-O 6. Nc3 Nbd7 7. O-O e5 8. e4 exd4 9. Nxd4 Re8 10. h3 Nc5 11. Re1 Bd7 12. Bf4 a6 13. Rc1 Rb8 14. b4 Ne6 15. Be3 b5 16. Nxe6 Bxe6 17. c5 dxc5 18.
Bxc5 Nd7 19. Ba7 Ra8 20. Bd4 Ne5 21. Nd5 c6 22. Bxe5 Bxe5 23. Rxc6 a5 24. f4 Bg7 25. e5 axb4 26. Nc7 Bxa2 27. Nxa8 Qxa8 28. Rd6 Qa7+ 29.
Kh2 Bc4 30. Qd4 Qxd4 31. Rxd4 b3 32. Red1 Bf8 33. Rd8 Rxd8 34. Rxd8 b2 35. Be4 Ba2 36. Rd1 b4 37. Kg2 Bc5 38. Kf3 Bb3 39. Rd8+ Kg7 40.
Bb1 Bb6 41. Rb8 Bd1+ 42. Ke4 Bc5 43. Rb5 Be7 44. Kd3 Bf3 45. Kc2 Bg2 46. h4 Be4+ 47.
Kxb2 Bc6 48. Rb6 Bd5 49. Bc2 Bc5 50. Rb5 Bd4+ 51. Kb1 Be6 52. Rxb4 Bf2 53. h5 Bxg3 54. hxg6 hxg6 55. Kc1 Kh6 56. Kd2 Bg4 57. Ke3 Kg7 58.
Be4 Bh2 59. Rb7 Bg1+ 60. Kd3 Be6 61. Bc6 Bh2 62. Ke4 Bf5+ 63. Kf3 Be6 64. Ra7 Bg1 65.
Rc7 Bb6 66. Rb7 Bc5 67. Ke4 Bg1 68. Bd5 Bxd5+ 69. Kxd5 Bh2 70. e6 1-0

[Event "GrandPrix_29.05"]
[Site "Chess.com"]
[Date "2020.05.29"]
[Round "5"]
[White "rfhfb"]
[Black "ly4o"]
[Result "1/2-1/2"]
[WhiteElo "2127"]
[BlackElo "2022"]
[TimeControl "600+2"]
[EndTime "11:34:40 PDT"]
[Termination "Game drawn by repetition"]

1. d4 Nf6 2. c4 e6 3. g3 c5 4.
d5 exd5 5. cxd5 d6 6. Nc3 g6 7.
Bg2 Bg7 8. Nf3 O-O 9. O-O a6 10.
a4 Bf5 11. Nd2 b6 12. e4 Bd7 13.
Nc4 Qc7 14. Bf4 Ne8 15. e5 Ra7 16. exd6 Qd8 17. Qb3 Rb7 18. Rfe1 b5 19. a5 Bf5 20.
Ne3 Bc8 21. d7 Nxd7 22. d6 g5 23. Nf5 gxf4 24. Ne4 c4 25. Qb4 f3 26. Ne7+ Kh8 27. Nc6 fxg2 28. Nxd8 Ne5 29. Kxg2 Nd3 30. Qd2 Nxe1+ 31.
Rxe1 Rd7 32. Nc6 Bb7 33. Qd5 Nc7 34. Qf5 Bxc6 35. dxc7 Rxc7 36. f3 Bxe4 37. Rxe4 h6 38. Re2 b4 39. Qf4 Rfc8 40. Qd6 c3 41. bxc3 bxc3 42.
Rc2 Rc6 43. Qd7 Kg8 44. h4 R8c7 45. Qd8+ Kh7 46. Kh3 Bf6 47. Qd3+ Kg7 48. g4 Rb7 49. Qd5 Rbc7 50. g5 hxg5 51. hxg5 Be7 52. Qe5+ Kg8 53. f4 Rc5 54. Qd4 Rxa5 55. Qb6 Rac5 56. Qxa6 Rc4 57. Qa8+ Rc8 58. Qf3 Bd6 59. f5 R8c5 60.
g6 fxg6 61. fxg6 Rf4 62. Qd1 Rf6 63. Qd3 Rh5+ 64. Kg4 Rh6 65. Qd5+ Kg7 66. Rxc3 Rfxg6+ 67. Kf3 Rg3+ 68. Ke2 Rxc3 69. Qd4+ Kf7 70. Qxc3 Re6+ 71. Kf3 Rf6+ 72. Kg4 Be7 73. Qc4+ Kg7 74. Qd4 Kf7 75. Qd5+ Kg7 76. Qd7 Kf7 77. Kh5 Kf8 78. Qc8+ Kg7 79.
Qg4+ Kf7 80. Qc4+ Kg7 81. Qd5 Rh6+ 82. Kg4 Rg6+ 83. Kf3 Rf6+ 84. Ke4 Kf8 85. Qh5 Kg7 86. Kd5 Rd6+ 87. Ke5 Rf6 88. Qg4+ Kf7 89. Qh3 Kg7 90.
Qg2+ Kf7 91. Qg4 Bd6+ 92. Kd5 Be7 93. Qh5+ Kg7 94. Ke5 Bd6+ 95. Ke4 Be7 96. Kd5 Rd6+ 97. Kc4 Rf6 98. Qd5 Rf4+ 99. Kd3 Rf6 100. Ke4 Kf8 101.
Qa8+ Kf7 102. Qh8 Re6+ 103. Kf5 Rf6+ 104. Ke5 Re6+ 105. Kd5 Rd6+ 106. Kc4 Rf6 107. Qh7+ Kf8 108. Kd5 Rd6+ 109. Ke5 Rf6 110. Qh8+ Kf7 111. Qh7+ Kf8 112. Ke4 Re6+ 113. Kd5 Rd6+ 114. Ke5 Rf6 1/2-1/2

[Event "GrandPrix_29.05"]
[Site "Chess.com"]
[Date "2020.05.29"]
[Round "5"]
[White "Igor_Lysyj"]
[Black "Micki-taryan"]
[Result "1/2-1/2"]
[WhiteElo "2410"]
[BlackElo "2502"]
[TimeControl "600+2"]
[EndTime "11:34:43 PDT"]
[Termination "Game drawn - insufficient material"]

1. d4 Nf6 2. c4 e6 3. Nf3 d5 4. g3 Be7 5. Bg2 O-O 6. O-O dxc4 7.
Ne5 Nbd7 8. Nxc4 Nb6 9. Ne5 Nfd7 10. Nd3 Bf6 11. Nf4 c5 12. dxc5 Nxc5 13. Nc3 Qe7 14. Be3 Bd7 15. Bxc5 Qxc5 16. Ne4 Qe7 17. Nxf6+ Qxf6 18. Qb3 Rac8 19. Rac1 e5 20. Nd3 Rxc1 21.
Rxc1 Bg4 22. Bxb7 Bxe2 23. Re1 Bxd3 24. Qxd3 g6 25. Qa6 Rd8 26. Qxa7 Rd2 27. Qb8+ Kg7 28. Qxe5 Rxb2 29. Qxf6+ Kxf6 30. Ra1 Ke5 31. Bc6 Kd6 32.
Be8 Ke7 33. Bc6 Kd6 34. Bf3 Na4 35. Bd1 Nc3 36. Bb3 Ke7 37. Bc4 h5 38. a3 Kf6 39.
Bf1 Na4 40. Rd1 Ra2 41. Rd3 Kg7 42. Re3 Nb6 43. Bb5 g5 44. h3 Rb2 45. Bc6 Rc2 46.
Bb5 Rb2 47. Bf1 Ra2 48. Rb3 Nd7 49. Rb5 Kf6 50. Ra5 Ne5 51. Kg2 g4 52. hxg4 Nxg4 53. Rxh5 Rxf2+ 54. Kg1 Rf3 55. Be2 Rxg3+ 56. Kf1 Ne5 57.
Rh6+ Kg5 58. Ra6 f5 59. Kf2 Rb3 60. Ra8 Kf4 61. a4 Rb2 62. a5 Nc6 63. a6 Nd4 64.
Re8 Ra2 65. Re7 Nxe2 66. Rxe2 Rxa6 67. Rb2 Ra3 68. Rb4+ Kg5 69. Rc4 Rb3 70. Ra4 Rc3 71. Rb4 f4 72. Rb8 Rc2+ 73. Kf3 Rc3+ 74. Kf2 Kf5 75.
Rf8+ Ke5 76. Re8+ Kd5 77. Rd8+ Ke4 78. Re8+ Kd3 79. Kf3 Rc1 80. Rd8+ Kc2 81. Rc8+ Kb1 82. Rxc1+ Kxc1 83. Kxf4 1/2-1/2

[Event "GrandPrix_29.05"]
[Site "Chess.com"]
[Date "2020.05.29"]
[Round "5"]
[White "Firegrizzly"]
[Black "TheEternalPatzer"]
[Result "1-0"]
[WhiteElo "2363"]
[BlackElo "2120"]
[TimeControl "600+2"]
[EndTime "11:34:50 PDT"]
[Termination "Firegrizzly won by resignation"]

1. e4 d6 2. d4 Nf6 3. Nc3 g6 4. Nf3 Bg7 5. Be2 O-O 6. O-O Nc6 7. d5 Nb8 8. a4 Bg4 9. a5 e6 10. dxe6 Bxe6 11. Nd4 a6 12. f4 Bd7 13. Bf3 Nc6 14. Nde2 Bg4 15. Ra4 Re8 16. Ng3 Bxf3 17. Qxf3 Nd7 18. Ra1 Nc5 19. Be3 Qh4 20. e5 Rad8 21.
Bxc5 dxc5 22. Nce4 Rd4 23. c3 Rdd8 24. Nxc5 Ne7 25.
Nxb7 Rd2 26. Rf2 Rxf2 27. Qxf2 Nd5 28. Rf1 Bh6 29. Qd4 Nxf4 30. b4 Qxg3 31. hxg3 Ne2+ 32.
Kf2 Nxd4 33. cxd4 Rb8 34. Nc5 Rxb4 35. Rd1 Rb5 36. Nxa6 Rxa5 37. Nxc7 Ra2+ 38. Kf3 Ra3+ 39. Kg4 Be3 40. Nd5 Bf2 41. Nf6+ Kg7 42. Ne4 h5+ 43. Kh3 Be3 44. d5 Bf4 45. d6 Bxe5 46. d7 Bc7 47. Rc1 Ba5 48. Rc5 Bb6 49. Rc6 Bd8 50. Rc8 Bb6 51.
Rb8 Bc7 52. d8=Q Bxd8 53. Rxd8 Re3 54. Ng5 Re7 55. Rd5 Kf6 56. Nf3 Re4 57. Rd6+ Kg7 58. Rd7 Kf6 59. Rb7 Rc4 60. Rxf7+ Ke6 61. Ng5+ Ke5 62.
Rf8 Rg4 63. Nf3+ Ke6 64. Nh4 Ke7 65. Rf4 Rg5 66. g4 hxg4+ 67. Rxg4 Rh5 68. Rxg6 Kf7 69. Rg3 Rh8 70. Rf3+ Kg7 71. g4 Rh7 72. Rc3 Rh8 73. Kg3 Ra8 74. Rc7+ Kf6 75. Rc6+ Kg7 76. Nf5+ Kf7 77.
Kh4 Rh8+ 78. Kg5 Rg8+ 79. Kh5 Rh8+ 80. Nh6+ Kg7 81. Rc7+ Kf6 82. g5+ Ke6 83. g6 1-0

[Event "GrandPrix_29.05"]
[Site "Chess.com"]
[Date "2020.05.29"]
[Round "5"]
[White "kotmizer"]
[Black "MikaelyanArman1996"]
[Result "1/2-1/2"]
[WhiteElo "2152"]
[BlackElo "2225"]
[TimeControl "600+2"]
[EndTime "11:34:50 PDT"]
[Termination "Game drawn - insufficient material"]

1. c4 Nf6 2. Nc3 g6 3. g3 Bg7 4. Bg2 O-O 5. e4 d6 6. Nge2 c5 7. d4 cxd4 8. Nxd4 Nc6 9. Nc2 Bg4 10. f3 Be6 11. b3 Nd7 12. Bd2 f5 13. O-O fxe4 14.
Nxe4 Bxa1 15. Qxa1 Bf5 16. Bh6 Rf7 17. Ng5 Qb6+ 18. Kh1 Rf6 19. Qc3 Qa5 20. b4 Qe5 21. Qd2 Bxc2 22. Qxc2 Nxb4 23. Qb1 Qa5 24. Qe1 Nc6 25. Qa1 Qe5 26. Qb1 Nc5 27. f4 Qf5 28. Qe1 Re8 29. Qa1 Nd8 30. Bd5+ Kh8 31. Nf3 e5 32.
fxe5 dxe5 33. Nd2 Qh3 34. Rxf6 Qxh6 35. Qf1 Qg7 36. Qf3 Nd7 37. Rd6 Nb6 38. Ne4 Rf8 39. Qc3 Qe7 40. c5 Nc8 41. Kg2 Nxd6 42. cxd6 Qg7 43. Qc7 h6 44. d7 Qe7 45. Bxb7 Nxb7 46. Qxb7 Qf7 47. h4 Rd8 48. Nc5 Qxa2+ 49. Kh3 Qf7 50. Qc7 Qf5+ 51. Kh2 Qf2+ 52. Kh3 Qf6 53. Kh2 h5 54. Qc8 Qf2+ 55. Kh1 Qf1+ 56. Kh2 Qf2+ 57.
Kh1 Qf8 58. Qc6 Qe7 59. Qd5 Kh7 60. Ne6 Rxd7 61. Qxd7 Qxd7 62. Nf8+ Kg7 63. Nxd7 e4 64. Kg2 a5 65. Nb6 Kf6 66. Kf2 Kf5 67. Na4 Kg4 68. Nc3 e3+ 69. Kg2 a4 70. Nxa4 e2 71. Kf2 e1=Q+ 72.
Kxe1 Kxg3 73. Nc3 Kxh4 74. Kf2 Kg4 75. Ne2 g5 76. Kg2 h4 77. Ng1 Kf5 78. Nf3 Kf4 79. Nxg5 Kxg5 80. Kh3 Kf5 81. Kh2 h3 82. Kxh3 1/2-1/2

[Event "GrandPrix_29.05"]
[Site "Chess.com"]
[Date "2020.05.29"]
[Round "5"]
[White "kpio91"]
[Black "Azatic"]
[Result "1/2-1/2"]
[WhiteElo "2714"]
[BlackElo "2626"]
[TimeControl "600+2"]
[EndTime "11:34:52 PDT"]
[Termination "Game drawn by agreement"]

1. e4 c5 2. Nf3 e6 3. g3 Nc6 4. Bg2 d6 5. O-O Nf6 6. Re1 Qc7 7. d4 cxd4 8. Nxd4 Bd7 9. Nc3 a6 10. Nxc6 bxc6 11. Na4 Rb8 12. c4 c5 13. Nc3 Be7 14. b3 O-O 15. Bb2 Rfd8 16. Qc2 Bc6 17. Rab1 Nd7 18. Nd5 Bxd5 19. exd5 e5 20. Bc3 Re8 21.
Qd2 Bf6 22. Ba5 Qc8 23. Bh3 Qb7 24.
f3 e4 25. Rxe4 Rxe4 26. fxe4 Bd4+ 27. Kg2 Nf6 28. Re1 Re8 29. Qd3 Qe7 30. b4 g6 31.
bxc5 Bxc5 32. Kf3 Nh5 33. Bc3 Nf6 34. e5 dxe5 35. Rxe5 Qd8 36. Rxe8+ Nxe8 37. Qe4 Be7 38. Qd4 Bf6 39. Qe3 Nd6 40. Qd3 Qe7 41. Bb4 Qe5 42.
Bd7 a5 43. Bd2 Qa1 44. Kg2 Qd1 45. Qe3 Nxc4 46. Qe8+ Kg7 47. Bf4 Qxd5+ 48. Kh3 Nb6 49. Bc6 Qf5+ 50. Kg2 Qc2+ 51. Kh3 Qf5+ 52. Kg2 g5 53.
Be4 Qc5 54. Bd2 Nc4 55. Be1 Ne3+ 56. Kf3 g4+ 57. Ke2 Nc4 58. Bd3 Qd4 59. Qe4 Qxe4+ 60. Bxe4 Nd6 61. Bd5 Bd8 62. Kd3 f5 63. Bc3+ Kg6 64.
Be5 Nf7 65. Bf4 h5 66. a4 h4 67. gxh4 Bxh4 68. Bg2 Bd8 69. h3 gxh3 70. Bxh3 Kf6 71. Bg2 Ke6 72. Bc6 Ne5+ 73. Bxe5 Kxe5 74. Bd7 Bb6 75.
Bc6 f4 76. Ke2 1/2-1/2

[Event "GrandPrix_29.05"]
[Site "Chess.com"]
[Date "2020.05.29"]
[Round "5"]
[White "Matibar"]
[Black "Meizon19"]
[Result "0-1"]
[WhiteElo "2347"]
[BlackElo "2326"]
[TimeControl "600+2"]
[EndTime "11:34:55 PDT"]
[Termination "Meizon19 won on time"]

1. e4 c5 2. Nf3 d6 3. Bb5+ Bd7 4. a4 Nc6 5. O-O Nf6 6. d3 e6 7. Re1 Be7 8. Nc3 O-O 9. h3 a6 10. Bc4 Rb8 11. Bf4 e5 12. Bg5 Be6 13. Bxf6 Bxf6 14. Bxe6 fxe6 15. Ne2 Rf7 16. c3 Qb6 17. Rb1 Rbf8 18. Ng3 Ne7 19. Nh5 Ng6 20. Rf1 Be7 21. Nh2 Bg5 22. Qg4 h6 23. Qxe6 Kh7 24. Ng4 Qc6 25. Qb3 Nf4 26. Nxf4 Rxf4 27. Ne3 Rxf2 28.
Ng4 R2f4 29. Rxf4 Bxf4 30. Qd1 c4 31. Kh1 cxd3 32. Qxd3 Qxa4 33. Rf1 h5 34. Ne3 g6 35. Qxd6 Rf7 36. Nd5 Qc4 37. Rg1 Kg7 38. Nxf4 exf4 39. Qe5+ Kh7 40. Qd4 Qe6 41. Rf1 f3 42. Kh2 fxg2 43.
Rxf7+ Qxf7 44. Kxg2 Qb3 45. Qd7+ Kh6 46. Qd2+ Kg7 47.
h4 Qe6 48. Qf4 Qc4 49. Qe5+ Kh7 50. Qe7+ Kh6 51. Qg5+ Kg7 52. Qe3 Qe6 53. Qd4+ Kh7 54.
e5 Kg7 55. Kg3 b5 56. b4 Kf7 57. Qa7+ Kg8 58. Qb8+ Kg7 59. Qc7+ Kg8 60. Qd8+ Kf7 61. Qg5 Qc6 62. Qf4+ Kg7 63. Qd4 Qe6 64. Kf4 Qf5+ 65. Ke3 g5 66. hxg5 Qxg5+ 67. Ke4 h4 68. Qd7+ Kg6 69. Qe8+ Kh6 70. Qh8+ Kg6 71. Qg8+ Kh5 72. Qh8+ Kg4 73. Qf8 Qg6+ 74. Kd4 h3 75. Qf2 Qb6+ 0-1

[Event "GrandPrix_29.05"]
[Site "Chess.com"]
[Date "2020.05.29"]
[Round "5"]
[White "MilosJi"]
[Black "Bestromano"]
[Result "0-1"]
[WhiteElo "2037"]
[BlackElo "2172"]
[TimeControl "600+2"]
[EndTime "11:35:01 PDT"]
[Termination "Bestromano won on time"]

1. Nf3 g6 2. g3 Bg7 3. Bg2 c5 4. O-O Nc6 5. c4 d6 6. Nc3 Nh6 7. e4 O-O 8. d3 f5 9. h3 Nf7 10. Be3 e5 11. Qd2 Nd4 12. Nh2 Be6 13. exf5 Bxf5 14.
g4 Bc8 15. Rae1 Rb8 16. b3 g5 17. Ne4 h6 18. Nf3 Ne6 19. Qd1 Nh8 20. Nfd2 Ng6 21.
Nc3 Nef4 22. Kh2 Nxg2 23. Kxg2 Nh4+ 24. Kg3 b6 25. Nce4 Bb7 26. f3 Qe7 27. Qe2 Rf7 28. Rf2 Rbf8 29. Ref1 Ng6 30. Nc3 Nf4 31. Qd1 Nxd3 32.
Re2 Nf4 33. Bxf4 gxf4+ 34. Kg2 Rd8 35. Nde4 Bf8 36. Nd5 Qh4 37. Rd2 Bxd5 38. Rxd5 Rg7 39. Qe1 Qxe1 40. Rxe1 Kf7 41. h4 Ke6 42. Kh3 Be7 43.
Nc3 h5 44. g5 Rg6 45. Rd3 Kf7 46. Nb5 Ke6 47. Re2 Kf5 48. Nxa7 Ra8 49. Nb5 Rc8 50. Nc3 Bf8 51. Kg2 Rb8 52. Kf1 Re6 53. Ke1 Bg7 54.
Kd1 e4 55. Nxe4 Bd4 56. Kc2 Rbe8 57. a4 Kg6 58. b4 Kf5 59. Kb3 Kg6 60. Ra2 Kf5 61. a5 bxa5 62. bxa5 Rb8+ 63. Kc2 Rxe4 64. fxe4+ Kxe4 65. Rb3 Ra8 66. a6 f3 67. Kd1 d5 68.
a7 Be5 69. cxd5 c4 70. Rb7 Kxd5 71. g6 c3 72. g7 Kc6 73. Rb8 f2 74. Ke2 f1=Q+ 75.
Kxf1 Bxb8 76. axb8=Q Rxb8 0-1

[Event "GrandPrix_29.05"]
[Site "Chess.com"]
[Date "2020.05.29"]
[Round "5"]
[White "Nitzan_Steinberg"]
[Black "Tormoz"]
[Result "1/2-1/2"]
[WhiteElo "2200"]
[BlackElo "2444"]
[TimeControl "600+2"]
[EndTime "11:35:06 PDT"]
[Termination "Game drawn by repetition"]

1. e4 e6 2. d4 d5 3. Nc3 Nf6 4. e5 Nfd7 5. f4 c5 6. Nf3 Nc6 7. Be3 Qb6 8. Na4 Qa5+ 9. c3 b6 10. a3 c4 11. b4 cxb3 12. Qxb3 Ba6 13. Nb2 Rc8 14. Kf2 Bxf1 15. Rhxf1 Qa6 16. a4 Be7 17. Qb5 Qb7 18. Kg1 O-O 19. f5 Na5 20. Bg5 Rfe8 21. f6 Bf8 22. fxg7 Bxg7 23. Qd3 Rc7 24.
h4 Rec8 25. Bd2 Nb3 26. h5 h6 27. Nh2 Nxa1 28. Rxa1 f5 29. Qg3 Kh8 30. Nf3 Rg8 31. Qf2 Nf8 32. Nd3 Kh7 33. Nf4 Bh8 34. Nh4 Qc6 35. a5 b5 36. a6 Rg4 37. Nhg6 Nxg6 38.
Nxg6 Bg7 39. Qe2 Qc4 40. Qxc4 Rxc4 41. Bf4 Rxc3 42. Rb1 Rxg6 43. hxg6+ Kxg6 44. Rxb5 Ra3 45. Rb8 Rxa6 46. Kf2 Rb6 47. Ra8 Rb7 48. Kg3 Kf7 49.
Kh4 Bf8 50. Kh5 Be7 51. Rh8 a5 52. Rh7+ Ke8 53. Kg6 a4 54. Rh8+ Kd7 55. Ra8 a3 56.
Bc1 Rb3 57. Ra7+ Ke8 58. Ra8+ Bd8 59. Rxa3 Rxa3 60. Bxa3 Bg5 61. Bc5 Kd7 62. Kf7 Be3 63. Kg6 Bc1 64. Kh5 Bd2 65. Kg6 Be3 66. Kh5 Bg5 67.
Kg6 Ke8 68. Bd6 Be3 69. Bc5 Bd2 70. Bd6 Bc1 71. Bc5 Be3 72. Kf6 Kd7 73. Kg6 Bf4 74. Kh5 Bg5 75. Kg6 Be3 76. Kh5 f4 77. Kg6 Kc6 78.
Kf6 Kd7 79. Kg6 Ke8 80. Bb6 Kd7 81. Bc5 1/2-1/2